 Dungeon Sprint DCSS version 0.31-a0-836-g3ceb0a68c4 (webtiles) character file.

Game seed: 11659600318999408673

273 sircluck the Ruffian (level 6, -5/102 HPs)
             Began as a Troll Berserker on Sept 26, 2023.
             Was an Elder of Trog.
             Slain by a flying skull (11 damage)
             ... in the Dungeon (Sprint VII: "The Pits").
             The game lasted 00:00:40 (236 turns).

sircluck the Ruffian (Troll Berserker)               Turns: 236, Time: 00:00:41

Health: -5/102     AC:  4    Str: 28    XL:     6   Next: 3%
Magic:  5/5        EV: 11    Int:  3    God:    Trog [****..]
Gold:   0          SH:  0    Dex:  9    Spells: 5/5 levels left

rFire   . .          .
                       - Unarmed
rCold   . . .        (no shield)
rNeg    . . .        a - +0 animal skin
rPois   .            (helmet restricted)
rElec   .            (no cloak)
rCorr   .            (gloves unavailable)
SInv    .            (boots unavailable)
Will    .....        (no amulet) Stlth
                     (no ring)
HPRegen 1.17/turn    (no ring)
MPRegen 0.09/turn

%: no teleportation
@: berserking, weakened, very quick
A: large, unfitting armour, claws 3, regeneration 1, shaggy fur 1, tough skin 1
a: Renounce Religion, Berserk, Trog's Hand, Brothers in Arms


You were in the Dungeon.
You worshipped Trog.
Trog was greatly pleased with you.
You visited 1 branch

Inventory:

Armour
 a - a +0 animal skin (worn)
Scrolls
 g - a scroll of blinking
 i - 2 scrolls of vulnerability
 j - a scroll of summoning
Potions
 b - 6 potions of curing
 c - 6 potions of heal wounds
 d - a potion of haste
 e - 4 potions of magic
 f - 3 potions of berserk rage
 h - 2 potions of invisibility


   Skills:
 + Level 6.6 Fighting
 + Level 6.5 Dodging
 + Level 7.8 Unarmed Combat


You had 5 spell levels left.
You didn't know any spells.
Your spell library was empty.

Dungeon Overview and Level Annotations

Branches:
Dungeon (1/1)

Altars:
Ashenzari
Cheibriados
Dithmenos
Elyvilon
Fedhas
Gozag
Hepliaklqana
Kikubaaqudgha
Makhleb
Nemelex Xobeh
Okawaru
Qazlal
Ru
Sif Muna
Trog
Uskayaw
Vehumet
Wu Jian
Xom
Yredelemnul
Zin
The Shining One
Jiyva
Lugonu


Innate Abilities, Weirdness & Mutations

You are too large for most types of armour.
You have claws for hands.
Your natural rate of healing is unusually fast.
You are covered in fur. (AC +1)
You have tough skin. (AC +1)


Message History

The orc priest barely misses you.
You mangle the orc priest!!
You kill the orc priest!
Trog accepts your kill.
You have reached level 6!
You feel stronger.
You barely miss the flying skull. The flying skull barely misses you.
You closely miss the flying skull. The flying skull hits you!
You miss the flying skull. Your claw misses the flying skull.
The flying skull hits you. x2
* * * LOW HITPOINT WARNING * * *
You scratch the flying skull.
The flying skull is lightly damaged.
The flying skull hits you.
* * * LOW HITPOINT WARNING * * *
You miss the flying skull.
The flying skull is lightly damaged.
The flying skull hits you.
* * * LOW HITPOINT WARNING * * *
The flying skull hits you but does no damage.
A red film seems to cover your vision as you go berserk!
You feel yourself moving faster!
You feel mighty!
The gnoll is no longer moving quickly.
The flying skull hits you!
* * * LOW HITPOINT WARNING * * *
You claw the flying skull!
The flying skull is almost destroyed.
The flying skull completely misses you.
You closely miss the flying skull.
The flying skull is almost destroyed.
The flying skull barely misses you.
You closely miss the flying skull.
The flying skull is almost destroyed.
The flying skull hits you!
* * * LOW HITPOINT WARNING * * *
You closely miss the flying skull.
The flying skull is almost destroyed.
The gnoll bouda gazes fiercely through you!
You feel your attacks grow feeble. The flying skull hits you!
You die...

#_______...#######
##########'##.....
#.?(.')))'.##.....
##########.##.....
#...........'.....
#'#####'#####.....
#.#..#..#..##.....
#.#..'..†..#####'#
#@##)####'###.....
#z#.....)).##.....
#M#........##.....
#o#####'#####...<.
#g#...)))[.##.....
#g#...)))[.##.....
#g###########.....
#g. ###### #..#


You could see a flying skull, a gnoll bouda, a mummy, 3 gnolls and an orc.

Vanquished Creatures
  A centaur (D)
  2 scorpions (D)
  An orc priest (D)
  An orc wizard (D)
  An adder (D)
  A river rat (D)
  2 giant cockroaches (D)
  A hobgoblin (D)
  A ball python zombie (D)
  2 goblins (D)
13 creatures vanquished.

Notes
Turn   | Place    | Note
-------+----------+-------------------------------------------
     0 | D        | sircluck the Troll Berserker began the quest for the Orb.
     0 | D        | Reached XP level 1. HP: 22/22 MP: 0/0
    15 | D        | Reached XP level 2. HP: 31/31 MP: 1/1
    72 | D        | Found a bloodstained altar of Trog.
    72 | D        | Found a shimmering blue altar of Sif Muna.
    72 | D        | Found a viscous altar of Jiyva.
    72 | D        | Found a hazy altar of Hepliaklqana.
    72 | D        | Found an opulent altar of Gozag.
    73 | D        | Found a glowing golden altar of the Shining One.
    73 | D        | Found a glowing silver altar of Zin.
    73 | D        | Found a basalt altar of Yredelemnul.
    73 | D        | Found a shimmering altar of Xom.
    73 | D        | Found an ornate altar of the Wu Jian Council.
    73 | D        | Found a sacrificial altar of Ru.
    73 | D        | Found a stormy altar of Qazlal.
    73 | D        | Found an iron altar of Okawaru.
    73 | D        | Found a sparkling altar of Nemelex Xobeh.
    73 | D        | Found a burning altar of Makhleb.
    73 | D        | Found a blossoming altar of Fedhas.
    73 | D        | Found a white marble altar of Elyvilon.
    73 | D        | Found a shadowy altar of Dithmenos.
    73 | D        | Found a snail-covered altar of Cheibriados.
    77 | D        | Found a corrupted altar of Lugonu.
    77 | D        | Found a radiant altar of Vehumet.
    78 | D        | Found a broken altar of Ashenzari.
    78 | D        | Found an ancient bone altar of Kikubaaqudgha.
    78 | D        | Found a hide-covered altar of Uskayaw.
   111 | D        | Reached skill level 4 in Unarmed Combat
   111 | D        | Noticed a scorpion
   113 | D        | Killed a scorpion
   113 | D        | Reached ** piety under Trog
   114 | D        | Reached skill level 5 in Unarmed Combat
   114 | D        | Reached XP level 3. HP: 35/40 MP: 2/2
   114 | D        | Reached XP level 4. HP: 43/49 MP: 3/3
   124 | D        | Noticed a centaur
   129 | D        | Reached *** piety under Trog
   134 | D        | Killed a centaur
   135 | D        | Reached skill level 5 in Fighting
   135 | D        | Reached skill level 5 in Dodging
   135 | D        | Reached skill level 6 in Unarmed Combat
   135 | D        | Reached XP level 5. HP: 39/58 MP: 4/4
   197 | D        | Noticed a flying skull
   207 | D        | Reached **** piety under Trog
   208 | D        | Reached skill level 7 in Unarmed Combat
   226 | D        | Reached XP level 6. HP: 37/68 MP: 5/5
   235 | D        | HP: 5/102 [flying skull (7)]
   236 | D        | Slain by a flying skull

Illustrated notes

Levels and vault maps discovered:
D:        pitsprint [storerooms_1, entrance_room_1, metal_vault_1, armoury_2,
          mini_pit_1, grid_room_1, main_hall_1, silver_pit, the_coven_2,
          the_vestibule_1, steel_vault_1, golden_pit, hallway_of_sentries,
          crystal_vault_2, iron_vault_2, final_vault]

Skill      XL: |  1  2  3  4  5 |
---------------+----------------+-----
Fighting       | 3 4 5 6 |  6.6
Dodging        | 3 4 5 6 |  6.5
Unarmed Combat | 5 6 7 |  7.8

Action                     |  1- 3 |  4- 6 || total
---------------------------+-------+-------++-------
  Melee: Unarmed           |     5 |    43 ||    48
         Punch             |       |     1 ||     1
 Invoke: Berserk           |       |     1 ||     1
   Stab: Sleeping          |     2 |       ||     2
 Armour: Animal skin       |     1 |    31 ||    32
  Dodge: Dodged            |       |    19 ||    19

Table legend: (Time is in decaauts)
 A = Elapsed time spent in this place.
 B = Non-inter-level travel time spent in this place.
 C = Inter-level travel time spent in this place.
 D = Time resting spent in this place.
 E = Time spent auto-exploring this place.
 F = Levels seen in this place.
 G = Mean time per level.
                   A        B        C        D        E       F      G
               +--------+--------+--------+--------+--------+-----+--------+
         Total |    229 |    229 |      0 |      0 |     81 |   1 |  229.0 |
       Dungeon |    229 |    229 |      0 |      0 |     81 |   1 |  229.0 |
               +--------+--------+--------+--------+--------+-----+--------+

Top non-repeatable levels by time:
       D: 229 daAuts
